SL
WIZARDING EXPRESS @ D.C. DIVIDED
09/15/2032
 
TOP OF THE 1ST
Wizarding Express batting - Pitching for D.C. Divided : RHP Manuel Delgadillo
Pitching: RHP Manuel Delgadillo
Batting: LHB José Corona 0-0: Foul Ball, location: 2F
0-1: Ball
1-1: Foul Ball, location: 2F
1-2: Ball
2-2: Ground out 4-3 (Groundball, 4)
Batting: SHB Salvador Trevino 0-0: Ball
1-0: Called Strike
1-1: Foul Ball, location: 2F
1-2: SINGLE (Groundball, 34D)
Batting: LHB Nathan Tanner 0-0: Fielders Choice at 2nd, 4-6 (Groundball, 4)
Batting: RHB Ralph Cranford 0-0: Ball
1-0: Fielders Choice at 2nd, 6-4 (Groundball, 6)
Top of the 1st over - 0 runs, 1 hit, 0 errors, 1 left on base; Wizarding 0 - D.C. 0
BOTTOM OF THE 1ST
D.C. Divided batting - Pitching for Wizarding Express : LHP Finn Wuilink
Pitching: LHP Finn Wuilink
Batting: LHB Elmer Hudgins 0-0: Ball
1-0: Called Strike
1-1: Ball
2-1: Ball
3-1: Base on Balls
Batting: RHB Tony Romero 0-0: Ball
1-0: SINGLE (Groundball, 4M) (infield hit)
Elmer Hudgins to second
Pinch Runner at 1st Nick Boyd:
Batting: RHB Arturo Rodríguez 0-0: Fly out, F8 (Flyball, 8LM)
Batting: RHB Wilbur Davis 0-0: Ball
1-0: Ball
2-0: Called Strike
2-1: Fly out, F8 (Flyball, 8LS)
Batting: RHB Ken Bone 0-0: Foul Ball, location: 2F
0-1: Swinging Strike
0-2: Ball
1-2: Foul Ball, location: 2F
1-2: Ball
2-2: Fielders Choice at 2nd, 5-4 (Groundball, 5L)
Bottom of the 1st over - 0 runs, 1 hit, 0 errors, 2 left on base; Wizarding 0 - D.C. 0
TOP OF THE 2ND
Wizarding Express batting - Pitching for D.C. Divided : RHP Manuel Delgadillo
Now at 2B: Nick Boyd
Batting: SHB Fernando Sánchez 0-0: Called Strike
0-1: Ball
1-1: Swinging Strike
1-2: Strikes out swinging
Batting: RHB Gustavo Mateo 0-0: Called Strike
0-1: Ball
1-1: Ball
2-1: Ball
3-1: Base on Balls
Batting: RHB Frank Grimes 0-0: Called Strike
0-1: Ball
1-1: Foul Ball, location: 2F
1-2: Ball
2-2: Strikes out swinging
Batting: LHB Cris Gonzáles 0-0: Fly out, F6 (Popup, 15)
Top of the 2nd over - 0 runs, 0 hits, 0 errors, 1 left on base; Wizarding 0 - D.C. 0
BOTTOM OF THE 2ND
D.C. Divided batting - Pitching for Wizarding Express : LHP Finn Wuilink
Batting: LHB Yao-pang Chiang 0-0: Foul Ball, location: 2F
0-1: Fly out, F8 (Flyball, 8LD)
Batting: LHB Obidiah Lewis 0-0: Swinging Strike
0-1: Foul Ball, location: 2F
0-2: Strikes out swinging
Batting: RHB Gustavo González 0-0: Ball
1-0: Foul Ball, location: 2F
1-1: Foul Ball, location: 2F
1-2: Foul Ball, location: 2F
1-2: Fly out, F8 (Flyball, 8RD)
Bottom of the 2nd over - 0 runs, 0 hits, 0 errors, 0 left on base; Wizarding 0 - D.C. 0
TOP OF THE 3RD
Wizarding Express batting - Pitching for D.C. Divided : RHP Manuel Delgadillo
Batting: SHB Jake Richardson 0-0: Ball
1-0: Called Strike
1-1: Swinging Strike
1-2: Strikes out swinging
Batting: LHB José Corona 0-0: Ball
1-0: Foul Ball, location: 2F
1-1: Foul Ball, location: 2F
1-2: Ball
2-2: Strikes out swinging
Batting: SHB Salvador Trevino 0-0: Called Strike
0-1: Called Strike
0-2: Foul Ball, location: 2F
0-2: Ball
1-2: Strikes out looking
Top of the 3rd over - 0 runs, 0 hits, 0 errors, 0 left on base; Wizarding 0 - D.C. 0
BOTTOM OF THE 3RD
D.C. Divided batting - Pitching for Wizarding Express : LHP Finn Wuilink
Batting: RHB Alan Patterson 0-0: Called Strike
0-1: Called Strike
0-2: Strikes out swinging
Batting: LHB Elmer Hudgins 0-0: Called Strike
0-1: Ball
1-1: Foul Ball, location: 2F
1-2: DOUBLE (Flyball, 7D)
Batting: RHB Nick Boyd 0-0: Foul Ball, location: 2F
0-1: Ball
1-1: Foul Ball, location: 2F
1-2: Foul Ball, location: 2F
1-2: Strikes out swinging
Batting: RHB Arturo Rodríguez 0-0: Ball
1-0: Ball
2-0: Ground out 6-3 (Groundball, 6)
Bottom of the 3rd over - 0 runs, 1 hit, 0 errors, 1 left on base; Wizarding 0 - D.C. 0
TOP OF THE 4TH
Wizarding Express batting - Pitching for D.C. Divided : RHP Manuel Delgadillo
Batting: LHB Nathan Tanner 0-0: Called Strike
0-1: Swinging Strike
0-2: SINGLE (Groundball, 6MD)
Batting: RHB Ralph Cranford 0-0: Called Strike
0-1: Foul Ball, location: 2F
0-2: Ground out 6-3 (Groundball, 6S)
Nathan Tanner to second
Batting: SHB Fernando Sánchez 0-0: Ball
1-0: Fly out, F4 (Line Drive, 4MD)
Batting: RHB Gustavo Mateo 0-0: Ground out 6-3 (Groundball, 6M)
Top of the 4th over - 0 runs, 1 hit, 0 errors, 1 left on base; Wizarding 0 - D.C. 0
BOTTOM OF THE 4TH
D.C. Divided batting - Pitching for Wizarding Express : LHP Finn Wuilink
Batting: RHB Wilbur Davis 0-0: Called Strike
0-1: Ball
1-1: Foul Ball, location: 2F
1-2: Strikes out swinging
Batting: RHB Ken Bone 0-0: Foul Ball, location: 2F
0-1: Ball
1-1: Ball
2-1: Ball
3-1: Fly out, F4 (Popup, 13S)
Batting: LHB Yao-pang Chiang 0-0: Ball
1-0: Ball
2-0: Swinging Strike
2-1: Ball
3-1: Called Strike
3-2: Strikes out looking
Bottom of the 4th over - 0 runs, 0 hits, 0 errors, 0 left on base; Wizarding 0 - D.C. 0
TOP OF THE 5TH
Wizarding Express batting - Pitching for D.C. Divided : RHP Manuel Delgadillo
Batting: RHB Frank Grimes 0-0: Ball
1-0: Swinging Strike
1-1: Ground out 4-3 (Groundball, 4)
Batting: LHB Cris Gonzáles 0-0: Ball
1-0: Ball
2-0: Foul Ball, location: 2F
2-1: Foul Ball, location: 2F
2-2: Foul Ball, location: 2F
2-2: Ball
3-2: Foul Ball, location: 2F
3-2: Base on Balls
Batting: SHB Jake Richardson 0-0: Ball
Cris Gonzáles is caught stealing 2nd base
1-0: Ball
2-0: Swinging Strike
2-1: Ball
3-1: Base on Balls
Batting: LHB José Corona 0-0: Ball
1-0: Called Strike
1-1: Foul Ball, location: 2F
1-2: Ball
2-2: Ball
3-2: Fly out, F3 (Line Drive, 3L)
Top of the 5th over - 0 runs, 0 hits, 0 errors, 1 left on base; Wizarding 0 - D.C. 0
BOTTOM OF THE 5TH
D.C. Divided batting - Pitching for Wizarding Express : LHP Finn Wuilink
Batting: LHB Obidiah Lewis 0-0: SOLO HOME RUN (Line Drive, 9LD), Distance : 367 ft
Batting: RHB Gustavo González 0-0: Foul Ball, location: 2F
0-1: Ball
1-1: Ball
2-1: Swinging Strike
2-2: Strikes out swinging
Batting: RHB Alan Patterson 0-0: Ball
1-0: Foul Ball, location: 2F
1-1: Ball
2-1: Called Strike
2-2: Ground out 4-3 (Groundball, 4)
Batting: LHB Elmer Hudgins 0-0: Ball
1-0: Swinging Strike
1-1: Ball
2-1: DOUBLE (Line Drive, 8RD)
Batting: RHB Nick Boyd 0-0: Swinging Strike
0-1: Ball
1-1: Ball
2-1: Called Strike
2-2: SINGLE (Line Drive, 78S)
Elmer Hudgins to third
Runner from 3rd tries for Home, SAFE, no throw
Batting: RHB Arturo Rodríguez 0-0: Ball
1-0: Ball
2-0: Ball
3-0: Base on Balls
Nick Boyd to second
Batting: RHB Wilbur Davis 0-0: Called Strike
0-1: Ball
1-1: Ball
2-1: SINGLE (Groundball, 56D)
Nick Boyd to third
Arturo Rodríguez to second
Runner from 3rd tries for Home, SAFE, no throw
Batting: RHB Ken Bone 0-0: Ball
1-0: Foul Ball, location: 2F
1-1: Foul Ball, location: 2F
1-2: Ground out 4-3 (Groundball, 34)
Bottom of the 5th over - 3 runs, 4 hits, 0 errors, 2 left on base; Wizarding 0 - D.C. 3
TOP OF THE 6TH
Wizarding Express batting - Pitching for D.C. Divided : RHP Manuel Delgadillo
Batting: SHB Salvador Trevino 0-0: Ball
1-0: Fly out, F9 (Line Drive, 9LM)
Batting: LHB Nathan Tanner 0-0: Swinging Strike
0-1: Ball
1-1: SINGLE (Flyball, 78M)
Batting: RHB Ralph Cranford 0-0: Called Strike
0-1: Ball
1-1: Ball
2-1: Fly out, F9 (Flyball, 89S)
Batting: SHB Fernando Sánchez 0-0: Foul Ball, location: 2F
0-1: Ball
1-1: Ball
2-1: Called Strike
2-2: Ball
3-2: Strikes out looking
Top of the 6th over - 0 runs, 1 hit, 0 errors, 1 left on base; Wizarding 0 - D.C. 3
BOTTOM OF THE 6TH
D.C. Divided batting - Pitching for Wizarding Express : LHP Finn Wuilink
Batting: LHB Yao-pang Chiang 0-0: Ball
1-0: Foul Ball, location: 2F
1-1: Swinging Strike
1-2: Fly out, F4 (Popup, 4D)
Batting: LHB Obidiah Lewis 0-0: Called Strike
0-1: Ball
1-1: Ground out U3 (Groundball, 34)
Batting: RHB Gustavo González 0-0: Fly out, F7 (Flyball, 7S)
Bottom of the 6th over - 0 runs, 0 hits, 0 errors, 0 left on base; Wizarding 0 - D.C. 3
TOP OF THE 7TH
Wizarding Express batting - Pitching for D.C. Divided : RHP Manuel Delgadillo
Batting: RHB Gustavo Mateo 0-0: Called Strike
0-1: Ball
1-1: Ball
2-1: Ground out 4-3 (Groundball, 4S)
Batting: RHB Frank Grimes 0-0: Called Strike
0-1: Foul Ball, location: 2F
0-2: Ball
1-2: SINGLE (Groundball, 56S) (infield hit)
Batting: LHB Cris Gonzáles 0-0: Ball
1-0: Called Strike
1-1: Ball
2-1: Foul Ball, location: 2F
2-2: Ball
3-2: Strikes out swinging
Batting: SHB Jake Richardson 0-0: Ball
1-0: Ball
2-0: Called Strike
2-1: Fly out, F9 (Line Drive, 9D)
Top of the 7th over - 0 runs, 1 hit, 0 errors, 1 left on base; Wizarding 0 - D.C. 3
BOTTOM OF THE 7TH
D.C. Divided batting - Pitching for Wizarding Express : LHP Finn Wuilink
Batting: RHB Alan Patterson 0-0: Ball
1-0: Ball
2-0: Ball
3-0: Called Strike
3-1: Base on Balls
Batting: LHB Elmer Hudgins 0-0: Called Strike
Alan Patterson steals 2nd base
0-1: Ball
1-1: Called Strike
1-2: Foul Ball, location: 2F
1-2: Ball
2-2: Foul Ball, location: 2F
2-2: Ball
3-2: Foul Ball, location: 2F
3-2: Base on Balls
Pitching: RHP Juan Cantú
Batting: RHB Nick Boyd 0-0: Sac Bunt - play at first, batter OUT! 1-3
Alan Patterson to third
Elmer Hudgins to second
Batting: RHB Arturo Rodríguez 0-0: Foul Ball, location: 2F
0-1: Swinging Strike
0-2: Foul Ball, location: 2F
0-2: Ball
1-2: Fly out, F8 (Flyball, 8LM)
Runner from 3rd tags up, SCORES, no throw
Batting: RHB Wilbur Davis 0-0: Ball
1-0: Called Strike
1-1: Ball
2-1: Foul Ball, location: 2F
2-2: Ball
3-2: Base on Balls
Batting: RHB Ken Bone 0-0: Ball
1-0: Ball
2-0: Called Strike
2-1: Foul Ball, location: 2F
2-2: DOUBLE (Line Drive, 5D)
Elmer Hudgins scores
Wilbur Davis to third
Runner from 3rd tries for Home, SAFE, no throw
Batting: LHB Yao-pang Chiang 0-0: Ball
1-0: Reached on error, E4 (Groundball, 4)
Ken Bone scores
Batting: LHB Obidiah Lewis 0-0: Foul Ball, location: 2F
0-1: Foul Ball, location: 2F
0-2: Strikes out swinging
Bottom of the 7th over - 4 runs, 1 hit, 1 error, 1 left on base; Wizarding 0 - D.C. 7
TOP OF THE 8TH
Wizarding Express batting - Pitching for D.C. Divided : RHP Manuel Delgadillo
Batting: LHB José Corona 0-0: Called Strike
0-1: Ball
1-1: Swinging Strike
1-2: Ball
2-2: Ball
3-2: Strikes out swinging
Batting: SHB Salvador Trevino 0-0: Ball
1-0: Ball
2-0: Ball
3-0: Called Strike
3-1: Foul Ball, location: 2F
3-2: Base on Balls
Pitching: RHP Trevor Brohard
Batting: LHB Nathan Tanner 0-0: Called Strike
0-1: Foul Ball, location: 2F
0-2: Foul Ball, location: 2F
0-2: Foul Ball, location: 2F
0-2: Strikes out swinging
Batting: RHB Ralph Cranford 0-0: Ball
1-0: Swinging Strike
1-1: SINGLE (Line Drive, 8LS)
Salvador Trevino to second
Batting: SHB Fernando Sánchez 0-0: Foul Ball, location: 2F
0-1: Foul Ball, location: 2F
0-2: Ball
1-2: Ball
2-2: Strikes out swinging
Top of the 8th over - 0 runs, 1 hit, 0 errors, 2 left on base; Wizarding 0 - D.C. 7
BOTTOM OF THE 8TH
D.C. Divided batting - Pitching for Wizarding Express : RHP Juan Cantú
Batting: RHB Gustavo González 0-0: Ball
1-0: Ball
2-0: Called Strike
2-1: Foul Ball, location: 2F
2-2: Foul Ball, location: 2F
2-2: Ball
3-2: Fly out, F9 (Flyball, 9D)
Batting: RHB Alan Patterson 0-0: Ball
1-0: Swinging Strike
1-1: Ball
2-1: Ball
3-1: Foul Ball, location: 2F
3-2: Ground out U3 (Groundball, 34)
Batting: LHB Elmer Hudgins 0-0: Ball
1-0: Called Strike
1-1: Called Strike
1-2: Ball
2-2: Foul Ball, location: 2F
2-2: Ball
3-2: Foul Ball, location: 2F
3-2: Ground out 4-3 (Groundball, 4)
Bottom of the 8th over - 0 runs, 0 hits, 0 errors, 0 left on base; Wizarding 0 - D.C. 7
TOP OF THE 9TH
Wizarding Express batting - Pitching for D.C. Divided : RHP Trevor Brohard
Batting: RHB Gustavo Mateo 0-0: Ball
1-0: Ball
2-0: Ball
3-0: Ground out 6-3 (Groundball, 6M)
Batting: RHB Frank Grimes 0-0: SINGLE (Line Drive, 56)
Batting: LHB Cris Gonzáles 0-0: Called Strike
0-1: Ball
1-1: Foul Ball, location: 2F
1-2: Strikes out swinging
Batting: SHB Jake Richardson 0-0: SINGLE (Groundball, 34S) (infield hit)
Frank Grimes to second
Batting: LHB José Corona 0-0: Foul Ball, location: 2F
0-1: Foul Ball, location: 2F
0-2: Strikes out swinging
Top of the 9th over - 0 runs, 2 hits, 0 errors, 2 left on base; Wizarding 0 - D.C. 7
Wednesday, September 19th, 2018 - OOTP Baseball 18.8 Build 76